NYP
VANCOUVER CANADIANS @ TRI-CITY VALLEYCATS
09/19/2048
 
TOP OF THE 1ST
Vancouver Canadians batting - Pitching for Tri-City ValleyCats : RHP Russ Greer
Pitching: RHP Russ Greer
Batting: RHB Kennet Strijbis 0-0: Called Strike
0-1: Ball
1-1: Ball
2-1: Called Strike
2-2: Foul Ball, location: 2F
2-2: Foul Ball, location: 2F
2-2: Strikes out swinging
Batting: RHB Brian Manson 0-0: Fly out, F8 (Flyball, 8LD, EV 91.2 MPH)
Batting: LHB Devin Huber 0-0: Called Strike
0-1: Foul Ball, location: 2F
0-2: Strikes out looking
Top of the 1st over - 0 runs, 0 hits, 0 errors, 0 left on base; Vancouver 0 - Tri-City 0
BOTTOM OF THE 1ST
Tri-City ValleyCats batting - Pitching for Vancouver Canadians : RHP Jonathon Crunk
Pitching: RHP Jonathon Crunk
Batting: RHB Omar Amaya 0-0: Ball
1-0: Foul Ball, location: 2F
1-1: Foul Ball, location: 2F
1-2: Strikes out swinging
Batting: LHB Jackson Trottier 0-0: Ball
1-0: Foul Ball, location: 2F
1-1: SINGLE (Groundball, 25, EV 68.1 MPH) (infield hit)
Batting: LHB Josh Corkery 0-0: Foul Ball, location: 2F
0-1: Foul Ball, location: 2F
0-2: Ball
1-2: Ball
Wild Pitch!
Jackson Trottier to second
2-2: SINGLE (Line Drive, 34, EV 95.6 MPH)
Jackson Trottier to third
Batting: LHB Wade Girard 0-0: Called Strike
Josh Corkery is caught stealing 2nd base 2-6
0-1: Ball
1-1: Called Strike
1-2: Ball
2-2: SINGLE (Line Drive, 78S, EV 91.9 MPH)
Jackson Trottier scores
Batting: LHB Tomas de Zeeuw 0-0: Reached via error on a dropped throw from 2B, E3 (Groundball, 34, EV 83.1 MPH)
Wade Girard to second
Batting: RHB Drew Coleman 0-0: Called Strike
0-1: Ball
1-1: Fly out, F2 (Popup, 23F, EV 83.8 MPH)
Bottom of the 1st over - 1 run, 3 hits, 1 error, 2 left on base; Vancouver 0 - Tri-City 1
TOP OF THE 2ND
Vancouver Canadians batting - Pitching for Tri-City ValleyCats : RHP Russ Greer
Batting: RHB Carlos Renteria 0-0: Ball
1-0: Ground out 1-3 (Groundball, 13, EV 73.8 MPH)
Batting: RHB Ricky Carbajal 0-0: Ball
1-0: Called Strike
1-1: Ground out 1-3 (Groundball, P, EV 63.8 MPH)
Batting: RHB Elliot Manfredini 0-0: Ball
1-0: Ball
2-0: Ball
3-0: Called Strike
3-1: Swinging Strike
3-2: Ground out 1-3 (Groundball, 15S, EV 71.2 MPH)
Top of the 2nd over - 0 runs, 0 hits, 0 errors, 0 left on base; Vancouver 0 - Tri-City 1
BOTTOM OF THE 2ND
Tri-City ValleyCats batting - Pitching for Vancouver Canadians : RHP Jonathon Crunk
Batting: RHB Kieron Clark 0-0: Called Strike
0-1: Ball
1-1: Ball
2-1: Ball
3-1: Base on Balls
Batting: RHB Russ Greer 0-0: Called Strike
0-1: Grounds into double play, 6-4-3 (Groundball, 6MD, EV 93.1 MPH)
Batting: RHB Ray Souza 0-0: Ball
1-0: Ball
2-0: Called Strike
2-1: Swinging Strike
2-2: Ball
3-2: Foul Ball, location: 2F
3-2: Strikes out swinging
Bottom of the 2nd over - 0 runs, 0 hits, 0 errors, 0 left on base; Vancouver 0 - Tri-City 1
TOP OF THE 3RD
Vancouver Canadians batting - Pitching for Tri-City ValleyCats : RHP Russ Greer
Batting: LHB Tso-lin Fen 0-0: Swinging Strike
0-1: Foul Ball, location: 2F
0-2: Ball
1-2: Ground out 5-3 (Groundball, 56, EV 78.1 MPH)
Batting: RHB Gary Wilson 0-0: Called Strike
0-1: Swinging Strike
0-2: Fly out, F9 (Flyball, 89M, EV 78.8 MPH)
Batting: RHB David Cooper 0-0: Ball
1-0: Called Strike
1-1: SINGLE (Groundball, 4MD, EV 85.6 MPH) (infield hit)
Batting: RHB Kennet Strijbis 0-0: Called Strike
0-1: Ball
1-1: Swinging Strike
1-2: Strikes out swinging
Top of the 3rd over - 0 runs, 1 hit, 0 errors, 1 left on base; Vancouver 0 - Tri-City 1
BOTTOM OF THE 3RD
Tri-City ValleyCats batting - Pitching for Vancouver Canadians : RHP Jonathon Crunk
Batting: RHB Omar Amaya 0-0: Ball
1-0: Ball
2-0: Foul Ball, location: 2F
2-1: Swinging Strike
2-2: Ball
3-2: Strikes out swinging
Batting: LHB Jackson Trottier 0-0: Ball
1-0: Foul Ball, location: 2F
1-1: Ball
2-1: Called Strike
2-2: Ball
3-2: Foul Ball, location: 2F
3-2: Strikes out looking
Batting: LHB Josh Corkery 0-0: Called Strike
0-1: Foul Ball, location: 2F
0-2: Ground out 6-3 (Groundball, 6, EV 104.4 MPH)
Bottom of the 3rd over - 0 runs, 0 hits, 0 errors, 0 left on base; Vancouver 0 - Tri-City 1
TOP OF THE 4TH
Vancouver Canadians batting - Pitching for Tri-City ValleyCats : RHP Russ Greer
Batting: RHB Brian Manson 0-0: Fly out, F9 (Flyball, 9LM, EV 82.5 MPH)
Batting: LHB Devin Huber 0-0: Called Strike
0-1: Ground out 5-3 (Groundball, 56, EV 81.9 MPH)
Batting: RHB Carlos Renteria 0-0: Ball
1-0: Called Strike
1-1: Foul Ball, location: 2F
1-2: Ball
2-2: Ground out U3 (Groundball, 3, EV 85.0 MPH)
Top of the 4th over - 0 runs, 0 hits, 0 errors, 0 left on base; Vancouver 0 - Tri-City 1
BOTTOM OF THE 4TH
Tri-City ValleyCats batting - Pitching for Vancouver Canadians : RHP Jonathon Crunk
Batting: LHB Wade Girard 0-0: Ball
1-0: Called Strike
1-1: Ball
2-1: Called Strike
2-2: Strikes out swinging
Batting: LHB Tomas de Zeeuw 0-0: Ground out 4-3 (Groundball, 4, EV 83.8 MPH)
Batting: RHB Drew Coleman 0-0: Fly out, F8 (Flyball, 78M, EV 96.9 MPH)
Bottom of the 4th over - 0 runs, 0 hits, 0 errors, 0 left on base; Vancouver 0 - Tri-City 1
TOP OF THE 5TH
Vancouver Canadians batting - Pitching for Tri-City ValleyCats : RHP Russ Greer
Batting: RHB Ricky Carbajal 0-0: Fly out, F9 (Flyball, 89M, EV 88.8 MPH)
Batting: RHB Elliot Manfredini 0-0: Swinging Strike
0-1: Foul Ball, location: 2F
0-2: Ball
1-2: Ball
2-2: Ball
3-2: Base on Balls
Batting: LHB Tso-lin Fen 0-0: Called Strike
0-1: Fielders Choice at 2nd, 4-6 (Groundball, 4, EV 85.0 MPH)
Batting: RHB Gary Wilson 0-0: Ball
Tso-lin Fen steals 2nd, throwing error, E2
Tso-lin Fen to third
1-0: DOUBLE (Line Drive, 78D, EV 111.9 MPH)
Tso-lin Fen scores
Batting: RHB David Cooper 0-0: Called Strike
0-1: Ground out 6-3 (Groundball, 6, EV 83.1 MPH)
Top of the 5th over - 1 run, 1 hit, 1 error, 1 left on base; Vancouver 1 - Tri-City 1
BOTTOM OF THE 5TH
Tri-City ValleyCats batting - Pitching for Vancouver Canadians : RHP Jonathon Crunk
Batting: RHB Kieron Clark 0-0: Swinging Strike
0-1: Foul Ball, location: 2F
0-2: Ball
1-2: Foul Ball, location: 2F
1-2: Ground out U3 (Groundball, 13, EV 85.0 MPH)
Batting: RHB Russ Greer 0-0: Called Strike
0-1: Ball
1-1: Ball
2-1: Called Strike
2-2: Ball
3-2: Strikes out swinging
Batting: RHB Ray Souza 0-0: Ball
1-0: Ball
2-0: Called Strike
2-1: Swinging Strike
2-2: Ground out 5-3 (Groundball, 56, EV 83.8 MPH)
Bottom of the 5th over - 0 runs, 0 hits, 0 errors, 0 left on base; Vancouver 1 - Tri-City 1
TOP OF THE 6TH
Vancouver Canadians batting - Pitching for Tri-City ValleyCats : RHP Russ Greer
Batting: RHB Kennet Strijbis 0-0: Foul Ball, location: 2F
0-1: Swinging Strike
0-2: Foul Ball, location: 2F
0-2: Ball
1-2: Ball
2-2: Foul Ball, location: 2F
2-2: Ball
3-2: Base on Balls
Batting: RHB Brian Manson 0-0: Called Strike
Kennet Strijbis steals 2nd, throwing error, E2
Kennet Strijbis to third
0-1: Ball
1-1: Foul Ball, location: 2F
1-2: Ground out 5-3 (Groundball, 5S, EV 84.4 MPH)
Batting: LHB Devin Huber 0-0: Ball
1-0: Ground out 3-1 (Groundball, 34, EV 105.0 MPH)
Batting: RHB Carlos Renteria 0-0: Ball
1-0: Fly out, F8 (Flyball, 78D, EV 101.2 MPH)
Top of the 6th over - 0 runs, 0 hits, 1 error, 1 left on base; Vancouver 1 - Tri-City 1
BOTTOM OF THE 6TH
Tri-City ValleyCats batting - Pitching for Vancouver Canadians : RHP Jonathon Crunk
Batting: RHB Omar Amaya 0-0: Called Strike
0-1: Foul Ball, location: 2F
0-2: Ball
1-2: Fly out, F4 (Popup, 34, EV 66.2 MPH)
Batting: LHB Jackson Trottier 0-0: Ball
1-0: Ground out 6-3 (Groundball, 6MS, EV 68.8 MPH)
Batting: LHB Josh Corkery 0-0: Called Strike
0-1: Foul Ball, location: 2F
0-2: Foul Ball, location: 2F
0-2: Ground out 1-3 (Groundball, 15S, EV 72.5 MPH)
Bottom of the 6th over - 0 runs, 0 hits, 0 errors, 0 left on base; Vancouver 1 - Tri-City 1
TOP OF THE 7TH
Vancouver Canadians batting - Pitching for Tri-City ValleyCats : RHP Russ Greer
Batting: RHB Ricky Carbajal 0-0: Ball
1-0: Ball
2-0: Ground out 6-3 (Groundball, 6S, EV 81.9 MPH)
Batting: RHB Elliot Manfredini 0-0: Fly out, F9 (Flyball, 89M, EV 88.1 MPH)
Batting: LHB Tso-lin Fen 0-0: Ball
1-0: Ground out 5-3 (Groundball, 5D, EV 90.0 MPH)
Top of the 7th over - 0 runs, 0 hits, 0 errors, 0 left on base; Vancouver 1 - Tri-City 1
BOTTOM OF THE 7TH
Tri-City ValleyCats batting - Pitching for Vancouver Canadians : RHP Jonathon Crunk
Batting: LHB Wade Girard 0-0: Ball
1-0: Ball
2-0: Ground out 6-3 (Groundball, 6, EV 94.4 MPH)
Batting: LHB Tomas de Zeeuw 0-0: Swinging Strike
0-1: Called Strike
0-2: Foul Ball, location: 2F
0-2: Ground out 6-3 (Groundball, 6, EV 89.4 MPH)
Batting: RHB Drew Coleman 0-0: Swinging Strike
0-1: Ground out 6-3 (Groundball, 56, EV 86.2 MPH)
Bottom of the 7th over - 0 runs, 0 hits, 0 errors, 0 left on base; Vancouver 1 - Tri-City 1
TOP OF THE 8TH
Vancouver Canadians batting - Pitching for Tri-City ValleyCats : RHP Russ Greer
Batting: RHB Gary Wilson 0-0: Fly out, F9 (Flyball, 89M, EV 83.1 MPH)
Batting: RHB David Cooper 0-0: Ground out 4-3 (Groundball, 4M, EV 95.6 MPH)
Batting: RHB Kennet Strijbis 0-0: Ball
1-0: Ball
2-0: Ball
3-0: Called Strike
3-1: Base on Balls
Batting: RHB Brian Manson 0-0: Ball
1-0: Ball
Kennet Strijbis steals 2nd base (no throw)
2-0: Called Strike
2-1: Reaches on Catchers interference
Batting: LHB Devin Huber 0-0: Called Strike
0-1: Ball
1-1: Swinging Strike
1-2: Ball
2-2: Strikes out swinging
Top of the 8th over - 0 runs, 0 hits, 1 error, 2 left on base; Vancouver 1 - Tri-City 1
BOTTOM OF THE 8TH
Tri-City ValleyCats batting - Pitching for Vancouver Canadians : RHP Jonathon Crunk
Batting: RHB Kieron Clark 0-0: Ball
1-0: Swinging Strike
1-1: Foul Ball, location: 2F
1-2: Ball
2-2: Strikes out swinging
Batting: RHB Russ Greer 0-0: Fly out, F7 (Line Drive, 7S, EV 110.6 MPH)
Batting: RHB Ray Souza 0-0: Ball
1-0: Ground out 5-3 (Groundball, 5S, EV 92.5 MPH)
Bottom of the 8th over - 0 runs, 0 hits, 0 errors, 0 left on base; Vancouver 1 - Tri-City 1
TOP OF THE 9TH
Vancouver Canadians batting - Pitching for Tri-City ValleyCats : RHP Russ Greer
Batting: RHB Carlos Renteria 0-0: Called Strike
0-1: Foul Ball, location: 2F
0-2: DOUBLE (Line Drive, 78M, EV 91.2 MPH)
Pitching: LHP Glenn Lowther
Batting: RHB Ricky Carbajal 0-0: Called Strike
0-1: Ball
1-1: Ball
2-1: Swinging Strike
2-2: SINGLE (Groundball, 6D, EV 101.9 MPH)
Carlos Renteria to third
Runner from 3rd tries for Home, SAFE, throw by CF to home
Batting: RHB Elliot Manfredini 0-0: Foul Ball, location: 2F
0-1: Ball
1-1: Called Strike
1-2: Ball
2-2: Ball
3-2: Grounds into double play, 6-4-3 (Groundball, 6, EV 95.0 MPH)
Pinch Hitting: RHB Javier Garcia 0-0: Called Strike
0-1: SINGLE (Groundball, 56S, EV 66.2 MPH) (infield hit)
Batting: RHB Gary Wilson 0-0: Foul Ball, location: 2F
0-1: Ball
1-1: Foul Ball, location: 2F
1-2: SINGLE (Groundball, 6MS, EV 62.5 MPH) (infield hit)
Javier Garcia to second
Batting: RHB David Cooper 0-0: Ball
1-0: Called Strike
1-1: Called Strike
1-2: Foul Ball, location: 2F
1-2: Ball
2-2: Ground out 4-3 (Groundball, 4, EV 85.6 MPH)
Top of the 9th over - 1 run, 4 hits, 0 errors, 2 left on base; Vancouver 2 - Tri-City 1
BOTTOM OF THE 9TH
Tri-City ValleyCats batting - Pitching for Vancouver Canadians : RHP Jonathon Crunk
Pitching: RHP Josh Long
Now in LF: Dan Hilyer
Batting: RHB Omar Amaya 0-0: Ball
1-0: Foul Ball, location: 2F
1-1: Called Strike
1-2: Strikes out swinging
Batting: LHB Jackson Trottier 0-0: Ball
1-0: Ground out 6-3 (Groundball, 6, EV 103.8 MPH)
Batting: LHB Josh Corkery 0-0: Foul Ball, location: 2F
0-1: Called Strike
0-2: Ball
1-2: Strikes out swinging
Bottom of the 9th over - 0 runs, 0 hits, 0 errors, 0 left on base; Vancouver 2 - Tri-City 1
Tuesday, March 28th , 2023 - OOTP Baseball 23.10 Build 110